 Dungeon Sprint DCSS version bcrawl-1.22 (webtiles) character file.

Game seed: 13684142123908888052

8418 Freyura the Bludgeoner (level 11, -16/107 HPs)
             Began as a Minotaur Fighter on May 21, 2020.
             Was the Champion of the Shining One.
             Demolished by an ettin
             ... wielding a +0 dire flail
              (24 damage)
             ... in the Dungeon (Sprint IX: "|||||||||||||||||||||||||||||").
             The game lasted 00:08:14 (1372 turns).

Freyura the Bludgeoner (Minotaur Fighter)           Turns: 1372, Time: 00:08:15

Health: -16/107    AC: 17    Str: 22    XL:     11   Next: 9%
Magic:  17/17      EV: 18    Int:  5    God:    the Shining One [******]
Gold:   7          SH:  0    Dex: 12    Spells: 10/10 levels left

rFire    . . .     SeeInvis .   p - +2 dire flail (crush)
rCold    . . .     Gourm    .   (shield currently unavailable)
rNeg     + + +     Faith    .   r - +1 chain mail
rPois    .         Spirit   .   (helmet restricted)
rElec    .         Reflect  .   w - +0 cloak
rCorr    .         Harm     .   (no gloves)
MR       .....     NoTele   +   q - +0 pair of boots
Stlth    ..........             (no amulet)
HPRegen  0.27/turn              s - +2 ring of evasion
MPRegen  0.15/turn              t - +2 ring of evasion

@: glowing
A: retaliatory headbutt, horns 2
a: Divine Shield, Cleansing Flame, Summon Divine Warrior, Brand Weapon With Holy
Wrath, Renounce Religion


You were in the Dungeon.
You worshipped the Shining One.
The Shining One was exalted by your worship.
You were not hungry.

You visited 1 branch You collected 7 gold pieces.

Inventory:

Hand Weapons
 p - a +2 dire flail of crushing (weapon)
Armour
 c - a +0 medium shield
 q - a +0 pair of boots (worn)
 r - a +1 chain mail (worn)
 w - a +0 cloak (worn)
Jewellery
 s - a +2 ring of evasion (left hand)
 t - a +2 ring of evasion (right hand)
Wands
 n - a wand of iceblast (10)
Scrolls
 d - 2 scrolls of fog
 j - 4 scrolls of remove curse
 k - 2 scrolls of blinking
 l - a scroll of fear
 m - 2 scrolls of amnesia
 o - a scroll of identify
 v - a scroll of enchant weapon
Potions
 a - a potion of brilliance
 b - a potion of agility
 f - 4 potions of curing
 g - 6 potions of heal wounds
 h - a potion of haste
 i - 4 potions of magic
Comestibles
 e - 12 rations {!d}


   Skills:
 + Level 13.4 Fighting
 + Level 17.7 Maces & Flails
 + Level 13.4 Armour
 + Level 12.0 Dodging
 - Level 7.1 Shields
 + Level 10.2 Invocations


You had 10 spell levels left.
You didn't know any spells.
Your spell library was empty.

Dungeon Overview and Level Annotations

Branches:
Dungeon (1/1)

Altars:
Cheibriados
Dithmenos
Elyvilon
Fedhas
Gozag
Hepliaklqana
Kikubaaqudgha
Lugonu
Makhleb
Nemelex Xobeh
Okawaru
Qazlal
Ru
Sif Muna
Trog
Uskayaw
Vehumet
Wu Jian
Xom
Yredelemnul
Zin
The Shining One
Beogh
Jiyva


Innate Abilities, Weirdness & Mutations

You reflexively headbutt those who attack you in melee.
You have a pair of horns on your head.


Message History

The ettin is lightly wounded.
The ettin hits you with a +0 dire flail.
* * * LOW HITPOINT WARNING * * *
The ettin barely misses you.
You impale the ettin!!
You headbutt the ettin, but do no damage.
The ettin is heavily wounded.
The orc wizard casts a spell.
The orc wizard blinks!
You hit the ettin but do no damage.
The ettin is heavily wounded.
The ettin closely misses you.
The ettin hits you with a +1 dire flail of protection!!
* * * LOW HITPOINT WARNING * * *
You hit the ettin but do no damage.
The ettin is heavily wounded.
The orc wizard mumbles some strange words.
The orc wizard blinks!
The ettin closely misses you.
The ettin hits you with a +1 dire flail of protection!!
You die...

▓▓▓▓▓▓▓▓▓▓▓▓▓▓▓▓▓▓▓▓▓▓▓
▓.............)@Coooooo
▓.▓▓▓▓▓▓▓▓▓▓▓▓▓▓▓▓▓▓▓▓▓▓▓▓▓▓▓▓▓▓
▓...............................
▓▓▓▓▓▓▓▓▓▓▓▓▓▓▓▓▓▓▓▓▓▓▓▓▓▓▓▓▓▓▓▓
▓.......'.....(|(.....÷÷........
▓.▓▓▓▓▓▓▓▓▓▓▓▓▓▓▓▓▓▓▓▓▓▓▓▓▓▓▓▓▓▓
▓...............................
▓▓▓▓▓▓▓▓▓▓▓▓▓▓▓▓▓▓▓▓▓▓▓▓▓▓▓▓▓▓▓▓
▓<...†)....).....'______________


You could see an ettin, an orc warrior, an orc priest, 2 orc wizards and 2 orcs.

Vanquished Creatures
  A two-headed ogre (D)
  A death yak (D)
  2 ugly things (D)
  2 black mambas (D)
  A gargoyle (D)
  4 cane toads (D)
  A rime drake (D)
  3 komodo dragons (D)
  6 polar bears (D)
  A shadow (D)
  2 yaks (D)
  A soldier ant (D)
  An acid dragon (D)
  2 crocodiles (D)
  3 porcupines (D)
  3 black bears (D)
  An ogre (D)
  A sky beast (D)
  A phantom (D)
  2 centaurs (D)
  A scorpion (D)
  A crimson imp (D)
  2 orc priests (D)
  A worker ant (D)
  2 orcs (D)
  A goblin (D)
  2 frilled lizards (D)
  2 rats (D)
51 creatures vanquished.

Notes
Turn   | Place    | Note
-------+----------+-------------------------------------------
     0 | D        | Freyura the Minotaur Fighter began the quest for the Orb.
     0 | D        | Reached XP level 1. HP: 19/19 MP: 0/0
    10 | D        | Reached skill level 3 in Maces & Flails
    14 | D        | Reached skill level 1 in Dodging
    22 | D        | Noticed a sky beast
    22 | D        | Noticed a scorpion
    22 | D        | Noticed a worker ant
    22 | D        | Noticed an ogre
    30 | D        | Killed a sky beast
    30 | D        | Reached skill level 5 in Fighting
    30 | D        | Reached skill level 6 in Maces & Flails
    30 | D        | Reached skill level 5 in Armour
    30 | D        | Reached skill level 5 in Shields
    30 | D        | Reached XP level 2. HP: 4/29 MP: 1/1
    30 | D        | Reached XP level 3. HP: 5/36 MP: 2/2
    30 | D        | Reached XP level 4. HP: 6/42 MP: 3/3
    36 | D        | Reached skill level 7 in Maces & Flails
    36 | D        | Reached XP level 5. HP: 50/50 MP: 4/4
    41 | D        | Killed an ogre
    41 | D        | Reached skill level 8 in Maces & Flails
    41 | D        | Reached skill level 5 in Dodging
    48 | D        | Found a roughly hewn altar of Beogh.
    48 | D        | Found a snail-covered altar of Cheibriados.
    48 | D        | Found a shadowy altar of Dithmenos.
    48 | D        | Found a white marble altar of Elyvilon.
    48 | D        | Found a blossoming altar of Fedhas.
    48 | D        | Found an opulent altar of Gozag.
    49 | D        | Found a hazy altar of Hepliaklqana.
    50 | D        | Found a viscous altar of Jiyva.
    51 | D        | Found an ancient bone altar of Kikubaaqudgha.
    52 | D        | Found a corrupted altar of Lugonu.
    53 | D        | Found a burning altar of Makhleb.
    54 | D        | Found a sparkling altar of Nemelex Xobeh.
    55 | D        | Found an iron altar of Okawaru.
    56 | D        | Found a stormy altar of Qazlal.
    57 | D        | Found a sacrificial altar of Ru.
    58 | D        | Found a shimmering blue altar of Sif Muna.
    59 | D        | Found a bloodstained altar of Trog.
    60 | D        | Found a hide-covered altar of Uskayaw.
    61 | D        | Found a radiant altar of Vehumet.
    62 | D        | Found an ornate altar of the Wu Jian Council.
    63 | D        | Found a shimmering altar of Xom.
    64 | D        | Found a basalt altar of Yredelemnul.
    65 | D        | Found a glowing silver altar of Zin.
    66 | D        | Found a glowing golden altar of the Shining One.
    74 | D        | Became a worshipper of the Shining One
    84 | D        | Got the +2 scimitar of Equilibrium {slice, *Corrode rN++}
   125 | D        | Noticed a centaur
   125 | D        | Noticed a phantom
   125 | D        | Noticed a gargoyle
   125 | D        | Reached * piety under the Shining One
   125 | D        | Noticed a yak
   125 | D        | Noticed a soldier ant
   125 | D        | Noticed a purple ugly thing
   128 | D        | Killed a phantom
   128 | D        | Reached ** piety under the Shining One
   128 | D        | Reached skill level 9 in Maces & Flails
   128 | D        | Reached skill level 1 in Invocations
   128 | D        | Reached XP level 6. HP: 60/60 MP: 4/6
   132 | D        | Reached skill level 10 in Maces & Flails
   141 | D        | Killed a gargoyle
   141 | D        | Reached skill level 11 in Maces & Flails
   141 | D        | Reached XP level 7. HP: 44/69 MP: 5/9
   146 | D        | Killed a yak
   149 | D        | Killed a purple ugly thing
   149 | D        | Reached skill level 12 in Maces & Flails
   149 | D        | Reached skill level 5 in Invocations
   149 | D        | Reached XP level 8. HP: 45/78 MP: 5/11
   318 | D        | Noticed a cyan ugly thing
   318 | D        | Noticed a two-headed ogre
   318 | D        | Reached *** piety under the Shining One
   326 | D        | Killed a cyan ugly thing
   326 | D        | Reached skill level 10 in Fighting
   326 | D        | Reached skill level 13 in Maces & Flails
   326 | D        | Reached skill level 10 in Armour
   331 | D        | Killed a two-headed ogre
   331 | D        | Reached skill level 14 in Maces & Flails
   331 | D        | Reached XP level 9. HP: 25/86 MP: 9/13
   338 | D        | Reached **** piety under the Shining One
   658 | D        | Noticed a cane toad
   658 | D        | Noticed a cane toad
   658 | D        | Noticed a komodo dragon
   660 | D        | Noticed a cane toad
   663 | D        | Killed a cane toad
   666 | D        | Reached skill level 15 in Maces & Flails
   668 | D        | Reached skill level 10 in Dodging
   670 | D        | Noticed a black mamba
   670 | D        | Reached ***** piety under the Shining One
   671 | D        | Killed a cane toad
   678 | D        | Killed a komodo dragon
   678 | D        | Reached XP level 10. HP: 34/97 MP: 13/15
   681 | D        | Killed a cane toad
   683 | D        | Killed a black mamba
   687 | D        | Reached skill level 16 in Maces & Flails
  1006 | D        | Noticed a cane toad
  1006 | D        | Noticed a death yak
  1007 | D        | Noticed a black mamba
  1025 | D        | Killed a death yak
  1028 | D        | Killed a cane toad
  1038 | D        | Killed a black mamba
  1038 | D        | Reached skill level 17 in Maces & Flails
  1200 | D        | Reached skill level 10 in Invocations
  1205 | D        | Reached ****** piety under the Shining One
  1208 | D        | Reached XP level 11. HP: 101/107 MP: 14/17
  1358 | D        | Noticed an ettin
  1372 | D        | Demolished by an ettin

Skill      XL: |  1  2  3  4  5  6  7  8  9 10 11 |
---------------+----------------------------------+-----
Maces & Flails | 6 7 9 11 12 14 15 17 | 17.7
Dodging        | 3 4 5 7 9 10 11 12 | 12.0
Fighting       | 5 6 7 8 9 10 11 13 | 13.4
Armour         | 5 6 7 8 9 10 11 13 | 13.4
Shields        | 5 6 7 |  7.1
Invocations    | 1 4 5 7 8 10 | 10.2

Action                   |  1- 3 |  4- 6 |  7- 9 | 10-12 || total
-------------------------+-------+-------+-------+-------++-------
Melee: Flail             |    18 |     9 |       |       ||    27
       Headbutt          |     2 |     5 |    14 |    18 ||    39
       Dire flail        |       |    14 |    47 |    81 ||   142
Invok: Divine Shield     |       |       |     1 |     3 ||     4
  Use: Potion            |       |     3 |     1 |     1 ||     5
  Eat: Chunk             |       |       |       |     2 ||     2
Armor: Scale mail        |    12 |       |       |       ||    12
       Chain mail        |       |     3 |     4 |    11 ||    18
Dodge: Dodged            |     3 |    11 |    11 |    26 ||    51
Block: Medium shield     |     2 |     3 |       |       ||     5
       Other             |       |       |     5 |    19 ||    24
